 Dungeon Crawl Stone Soup version 0.22-a0-455-ga0624bf (webtiles) character file.

149 galech the Skirmisher (level 5, -7/57 HPs)
             Began as an Ogre Berserker on June 5, 2018.
             Was a Believer of Trog.
             Mangled by a gnoll
             ... wielding a +0 flail
              (8 damage)
             ... on level 2 of the Dungeon.
             The game lasted 00:01:04 (587 turns).

galech the Skirmisher (Ogre Berserker)               Turns: 587, Time: 00:01:04

Health: -7/57      AC:  3    Str: 22    XL:     5   Next: 31%
Magic:  5/5        EV: 11    Int:  8    God:    Trog [**....]
Gold:   47         SH:  0    Dex: 10    Spells: 4/4 levels left

rFire    . . .     SeeInvis .   a - +0 mace
rCold    . . .     Gourm    .   (no shield)
rNeg     . . .     Faith    .   b - +0 animal skin
rPois    .         Spirit   .   (helmet restricted)
rElec    .         Reflect  .   (no cloak)
rCorr    .         Harm     .   (gloves unavailable)
MR       .....                  (boots unavailable)
Stlth    +.........             (no amulet)
HPRegen  0.19/turn              g - +2 ring of dexterity
MPRegen  0.09/turn              (no ring)

@: berserk cooldown, slowed, very slow
A: large, unfitting armour, tough skin 1
a: Berserk, Trog's Hand, Renounce Religion


You were on level 2 of the Dungeon.
You worshipped Trog.
Trog was pleased with you.
You were hungry.

You visited 1 branch of the dungeon, and saw 2 of its levels.

You collected 47 gold pieces.

Inventory:

Hand Weapons
 a - a +0 mace (weapon)
Armour
 b - a +0 animal skin (worn)
Jewellery
 g - a +2 ring of dexterity (left hand)
Scrolls
 e - a scroll of identify {unknown}
 f - a scroll of enchant weapon {unknown}
Potions
 h - a potion of berserk rage {unknown}
Comestibles
 c - 2 rations
 d - 5 chunks of flesh


   Skills:
 + Level 5.3 Fighting
 + Level 4.1 Maces & Flails
 + Level 3.4 Dodging
 + Level 0.2 Stealth


You had 4 spell levels left.
You didn't know any spells.
Your spell library was empty.

Dungeon Overview and Level Annotations

Branches:
Dungeon (2/15)

Altars:


Innate Abilities, Weirdness & Mutations

You are too large for most types of armour.
You have tough skin. (AC +1)


Message History

Trog accepts your kill.
Found a runed lead wand.
You see here a giant cockroach corpse.
You feel a strong urge to attack something.
The hobgoblin barely misses you.
Things that are here:
a spear; a gnoll corpse You bludgeon the hobgoblin!!
You kill the hobgoblin!
Trog accepts your kill.
You are no longer berserk.
You pass out from exhaustion.
You feel yourself slow down. The gnoll hits you with a flail!
* * * LOW HITPOINT WARNING * * *
You can move again.
You closely miss the gnoll. The gnoll hits you with a flail!
* * * LOW HITPOINT WARNING * * *
The gnoll hits you with a flail!
You die...

....... ../....
.................
..........)......
.................
...# .!.....
......... ..#
#...... .........
#..## .
#.....g##........ ..
.##.
#......@†.†!.....
.##...
..#####..........
....# ##.#........
....###..#
#....###....
.........######..###
...
..#####..........#
.. ..# ..........#
#.## #..........#
#..####..........#


You could see a gnoll.

Vanquished Creatures
  A black bear (D:2)
  2 gnolls (D:2)
  An ooze (D:1)
  5 dart slugs (D:1)
  A leopard gecko (D:1)
  5 bats
  A giant cockroach (D:2)
  A goblin (D:1)
  2 hobgoblins
  2 kobolds (D:1)
  4 frilled lizards
  4 rats (D:1)
29 creatures vanquished.

Notes
Turn   | Place    | Note
-------+----------+-------------------------------------------
     0 | D:1      | galech the Ogre Berserker began the quest for the Orb.
     0 | D:1      | Reached XP level 1. HP: 24/24 MP: 1/1
    57 | D:1      | Reached XP level 2. HP: 29/32 MP: 2/2
   213 | D:1      | Reached XP level 3. HP: 30/40 MP: 3/3
   287 | D:1      | Reached ** piety under Trog
   495 | D:2      | Noticed a black bear
   502 | D:2      | Killed a black bear
   502 | D:2      | Reached skill level 5 in Fighting
   502 | D:2      | Reached XP level 4. HP: 50/50 MP: 4/4
   502 | D:2      | Reached XP level 5. HP: 57/57 MP: 5/5
   587 | D:2      | HP: 1/57 [gnoll/flail (7)]
   587 | D:2      | Mangled by a gnoll

Vault maps used:
D:1:      eino_arrival_druids_welcome, hex_intersection, minivault_26

Skill      XL: |  1  2  3 |
---------------+----------+-----
Maces & Flails | 3 4 |  4.1
Dodging        | 3 |  3.4
Fighting       | 5 |  5.3
Stealth        | |  0.2

Action                   |  1- 3 |  4- 6 || total
-------------------------+-------+-------++-------
Melee: Mace              |    57 |    22 ||    79
Invok: Berserk           |     1 |     1 ||     2
Armor: Animal skin       |    15 |     9 ||    24
Dodge: Dodged            |    38 |    22 ||    60

Table legend:
 A = Spawn XP
 B = Non-spawn XP
 C = Spawn XP percentage of total XP
 D = Spawn monster count
 E = Non-spawn monster count
 F = Spawn count percentage of total count
 G = Total turns spent on level
                    A         B        C        D         E        F      G
               +---------+---------+-------+---------+---------+-------+---------
         Total |       0 |     214 |   0.0 |       0 |      29 |   0.0 |   587
               +---------+---------+-------+---------+---------+-------+---------
           D:1 |       0 |      50 |   0.0 |       0 |      21 |   0.0 |   495
           D:2 |       0 |     164 |   0.0 |       0 |       8 |   0.0 |    92
               +---------+---------+-------+---------+---------+-------+---------
